Map: Abyssal Reef LE

Players

Musumeci - Winner!

  • Race: Zerg Zerg
  • League: Diamond
  • Spawn Location: 5:00

A.I. 1 (Very Easy)

  • Race: Protoss Protoss
  • Spawn Location: 11:00

VOD

Have the link to the VOD?

Description

Time

  • Played on: March 25, 2017, 8:40 a.m.
  • Length: 8:02
Show
View Real Time Build Order
Export as new Build Order

Musumeci Zerg - Winner!

Build Orders: Hatch First 

Get SALT Encoding   

  12  0:04  Drone  
  13  0:08  Drone  
  14  0:17  Overlord  
  14  0:23  Extractor  
  14  0:24  Drone  
  15  0:35  Drone  
  16  0:37  Drone  
  17  0:55  Hatchery  
  16  0:57  Drone  
  17  1:16  Spawning Pool  
  17  1:18  Drone, Extractor  
  17  1:21  Drone  
  17  1:25  Drone  
  18  1:30  Drone  
  19  1:41  Overlord  
  19  1:52  Drone  
  20  2:02  Queen  
  20  2:07  Zergling x2  
  20  2:08  Queen  
  25  2:11  Drone  
  26  2:16  Drone  
  26  2:17  Metabolic Boost  
  26  2:19  Drone  
  28  2:23  Drone  
  28  2:28  Drone  
  30  2:34  Overlord  
  30  2:42  Baneling Nest  
  29  2:46  Queen  
  29  2:48  Drone  
  29  2:50  Drone  
  33  2:56  Drone  
  33  2:57  Zergling x2  
  35  3:05  Zergling x2  
  35  3:07  Zergling x2  
  35  3:12  Zergling x2  
  37  3:14  Drone x3  
  37  3:16  Drone  
  37  3:17  Drone x2  
  37  3:19  Drone  
  44  3:29  Baneling x3  
  44  3:34  Overlord  
  44  3:43  Hatchery  
  44  3:46  Drone  
  44  3:53  Queen  
  44  3:54  Drone  
  44  3:55  Drone x3  
  50  3:59  Drone x2  
  52  4:02  Overlord  
  51  4:20  Overlord x2  
  51  4:27  Drone x4  
  55  4:32  Drone x2  
  55  4:35  Extractor  
  56  4:49  Roach Warren  
  56  4:50  Drone x3  
  56  4:51  Drone x3, Extractor  
  58  5:05  Overlord x3  
  58  5:06  Overlord  
  58  5:10  Overlord x2  
  58  5:30  Zergling x6  
  58  5:32  Roach  
  58  5:33  Roach x6  
  75  5:40  Drone x4  
  79  5:45  Extractor  
  78  5:50  Baneling x3  
  76  6:06  Drone x2  
  76  6:07  Drone x4  
  76  6:08  Drone x3  
  76  6:09  Extractor  
  84  6:11  Extractor  
  84  6:13  Roach  
  84  6:14  Roach x6  
  84  6:16  Lair  
  97  6:21  Evolution Chamber  
  94  6:41  Roach  
  94  6:42  Roach x10  
  116  6:53  Ravager x5  
  121  6:55  Zergling x2  
  121  6:57  Overlord x6  
  121  6:58  Overlord  
  122  7:39  Ravager x9  
  122  7:40  Roach x6  
  122  7:41  Zergling x14  
Show
View Real Time Build Order
Export as new Build Order

A.I. 1 (Very Easy) Protoss 

Build Orders:  

Get SALT Encoding   

  12  0:01  Probe (Chrono Boost)  
  13  0:11  Probe (Chrono Boost)  
  14  0:19  Pylon  
  14  0:36  Assimilator  
  14  0:42  Gateway  
  14  0:45  Pylon  
  14  1:12  Assimilator  
  14  1:22  Probe (Chrono Boost)  
  15  1:31  Cybernetics Core  
  15  1:32  Probe (Chrono Boost)  
  16  1:43  Probe (Chrono Boost)  
  17  1:53  Probe (Chrono Boost)  
  18  1:54  Warp Gate  
  18  2:05  Probe (Chrono Boost)  
  18  2:07  Stalker  
  22  2:16  Probe (Chrono Boost)  
  22  3:58  Probe (Chrono Boost)  
  22  4:22  Probe (Chrono Boost)  
  22  4:44  Probe (Chrono Boost)  
  22  5:17  Zealot  
  22  5:20  Pylon  
  22  5:21  Probe (Chrono Boost)  
  25  5:24  Robotics Facility  
  25  5:32  Probe (Chrono Boost)  
  26  5:43  Probe (Chrono Boost)  
  27  5:53  Probe (Chrono Boost)  
  27  5:55  Nexus  
  28  5:58  Pylon  
  27  6:04  Probe (Chrono Boost)  
  27  6:09  Zealot  
  29  6:13  Observer  
  29  6:15  Probe (Chrono Boost)  
  31  6:34  Observer  
  32  6:40  Zealot  
  32  6:43  Pylon  
  34  7:04  Probe (Chrono Boost)  
  31  7:24  Probe (Chrono Boost)  
  24  7:37  Zealot  
  24  7:40  Pylon  
  24  7:51  Nexus  
Tags
 
League
Diamond
Matchup
PvZ
Replay Pack
replay pack
Spawn Locations
Cross Positions
Add a new tag
Caveats
  • Supply blocks, unpowered buildings, or Contaminate may cause inaccurate times.
  • Supply counts are checked every 10 seconds.